Cogmind - Beta 14 @@@ ROGUE MODE // 2025.01.11 @ 22:58:40 Player: Lako Result: Self-destructed Performance ------------- Evolutions (1) 500 Regions Visited (2) 400 Robots Destroyed (17) 85 Value Destroyed (349) 349 Prototype IDs (0) 0 Alien Tech Used (0) 0 Bonus (208) 208 TOTAL SCORE: 1542 Bonus ------- Pacifist 200 High Alert Combat Kills 8 Cogmind --------- Core Integrity 235/400 Matter 138/300 Energy 250/250 System Corruption 0% Temperature Cool (18) Movement Rolling (90) Location -9/Materials Parts ------- > --- POWER (1) -------- Ion Engine > --- PROPULSION (3) --- Wheel Compact Wheel VTOL Module > --- UTILITY (3) ------ Heat Sink Structural Scanner Seismic Detector > --- WEAPON (2) ------- Medium Laser Heavy Assault Rifle > --- INVENTORY (5) ---- Light Ion Engine Light Ion Engine Light Assault Rifle Peak State ------------ > --- POWER ------------ Ion Engine > --- PROPULSION ------- Wheel Compact Wheel VTOL Module > --- UTILITY ---------- Heat Sink Structural Scanner Seismic Detector > --- WEAPON ----------- Heavy Assault Rifle Rocket Launcher > --- INVENTORY -------- Light Ion Engine Light Ion Engine Medium Laser Light Assault Rifle [Rating: 12] Favorites ----------- Power Ion Engine Engine Ion Engine Propulsion Compact Wheel Wheel Compact Wheel Flight Unit VTOL Module Utility Seismic Detector Device Seismic Detector Weapon Medium Laser Energy Gun Medium Laser Ballistic Gun Light Assault Rifle Launcher Rocket Launcher Build | -11 -10 -9 ------- Run | Yrd Mat Mat Slots Evolved 2 | . . 2 Power . | . . . Propulsion 1 | . . 1 Utility 1 | . . 1 Weapon . | . . . Parts Attached 13 | 5 1 7 Power 1 | 1 . . Engine 1 | 1 . . Core . | . . . Reactor . | . . . Propulsion 4 | 2 . 2 Treads . | . . . Leg . | . . . Wheel 3 | 2 . 1 Hover . | . . . Flight 1 | . . 1 Utility 3 | . 1 2 Device 3 | . 1 2 Storage . | . . . Processor . | . . . Hackware . | . . . Protection . | . . . Artifact . | . . . Weapon 5 | 2 . 3 Energy Gun 2 | 1 . 1 Energy Cannon . | . . . Ballistic Gun 2 | 1 . 1 Ballistic Cannon . | . . . Launcher 1 | . . 1 Special Weapon . | . . . Impact Weapon . | . . . Slashing Weapon . | . . . Piercing Weapon . | . . . Special Melee Weapon . | . . . Unidentified Prototypes . | . . . Parts Lost 2 | . . 2 Power . | . . . Propulsion 1 | . . 1 Utility . | . . . Weapon 1 | . . 1 Highest Loss Streak 2 | . . 2 To Critical Strikes . | . . . Average Slot Usage (%) 76 | . 72 81 Engine 12 | . 14 11 Wheel 26 | . 28 24 Flight 1 | . . 2 Device 10 | . 1 21 Energy Gun 9 | . 14 3 Ballistic Gun 12 | . 14 11 Launcher 3 | . . 6 Peak Build Rating 12 | 5 6 12 Average Rating 6 | 3 5 8 On Entrance 3 | . 5 6 Naked Turns . | . . . Heaviest Build 15 | 8 9 15 Greatest Support 42 | 32 32 42 Greatest Overweight (x) . | . . . Average Overweight (x) . | . . . Largest Inventory Capacity 5 | 5 5 5 Average Capacity 5 | 5 5 5 Most Carried 5 | 2 4 5 Average Carried 3 | 1 3 4 Final Capacity 5 | 5 5 5 Final Carried 4 | 2 4 3 Class Distribution -------------------- 100% | Mutant Dominant Class ---------------- Mutant | -10/Materials Mutant | -9/Materials Resources | -11 -10 -9 ----------- Run | Yrd Mat Mat Matter Collected 318 | 230 20 68 Remotely . | . . . Salvage Created 414 | . . 414 Parts 34 | . . 34 Haulers Intercepted . | . . . Recyclers Shooed . | . . . Parts Field Recycled . | . . . Retrieved Matter . | . . . Parts Self-Destructed . | . . . Prevented . | . . . Kills | -11 -10 -9 ------- Run | Yrd Mat Mat Combat Hostiles Destroyed 11 | . . 11 Guns 5 | . . 5 AOE 6 | . . 6 Classes Destroyed 7 | . . 7 Worker 1 | . . 1 Builder 3 | . . 3 Recycler 1 | . . 1 Watcher 1 | . . 1 Swarmer 4 | . . 4 Grunt 4 | . . 4 Sentry 3 | . . 3 Best Kill Streak 11 | . . 11 Combat Bots Only 6 | . . 6 Max Kills in Single Turn 4 | . . 4 Gunslinging . | . . . Exploded 1 | . . 1 Melee . | . . . Uniques/NPCs Destroyed . | . . . Combat | -11 -10 -9 -------- Run | Yrd Mat Mat Hostile Shots Fired 60 | . . 60 Missed 24 | . . 24 Damage Taken 548 | . . 548 Core 165 | . . 165 Absorbed by Shields . | . . . Core Remaining (%) 100 | 100 100 . Volleys Fired 23 | . . 23 Largest 2 | . . 2 Hottest 73 | . . 73 Shots Fired 44 | . . 44 Gun 35 | . . 35 Cannon . | . . . Launcher 9 | . . 9 Special . | . . . Kinetic 23 | . . 23 Thermal 12 | . . 12 Explosive 9 | . . 9 Electromagnetic . | . . . Robot Hit Streak 8 | . . 8 Robot Miss Streak 2 | . . 2 Penetration Max . | . . . Secondary Targets 1 | . . 1 Max Gunslinging Chain 1 | . . 1 Shots Hit Robots 30 | . . 30 Core Hits 34 | . . 34 Critical Kills . | . . . Critical Parts Destroyed . | . . . Critical Strikes 3 | . . 3 Burn 3 | . . 3 Melee Attacks . | . . . Impact . | . . . Slashing . | . . . Piercing . | . . . Sneak Attacks . | . . . Combat Hostiles . | . . . Follow-up Attacks . | . . . Damage Inflicted 1067 | . . 1067 Guns 335 | . . 335 Cannons . | . . . Explosions 730 | . . 730 Melee . | . . . Ramming 2 | . . 2 Kinetic 211 | . . 211 Thermal 124 | . . 124 Explosive 730 | . . 730 Electromagnetic . | . . . Impact . | . . . Slashing . | . . . Piercing . | . . . Highest Corruption . | . . . Average Corruption . | . . . Corruption Purged . | . . . Corruption Blocked . | . . . Overload Shots . | . . . Overflow Damage 27 | . . 27 Projectiles . | . . . Explosions 27 | . . 27 Melee . | . . . Knockbacks . | . . . Impact . | . . . Kinetic . | . . . Secondary . | . . . Self-Inflicted Damage 76 | . . 76 Shots 2 | . . 2 Rammed 1 | . . 1 Targets Rammed 1 | . . 1 Kicked . | . . . Crushed . | . . . Highest Temperature 34 | . . 34 Average Temperature 11 | . . 11 Received Heat Transfer 192 | . . 192 Siege Activations . | . . . Robots Corrupted . | . . . Combat Hostiles . | . . . Parts Fried . | . . . Impact Corruptions . | . . . Robots Melted . | . . . Combat Hostiles . | . . . Parts Melted 1 | . . 1 Heat Transferred 592 | . . 592 Parts Sabotaged . | . . . Parts Stolen . | . . . Parts Stripped . | . . . Power Chain Reactions . | . . . Alert | -11 -10 -9 ------- Run | Yrd Mat Mat Peak Influence 444 | . 15 444 Initial 5 | . . 5 Average 59 | . 3 145 Maximum Alert Level 2 | . . 2 Low Security (%) 88 | 100 100 71 Level 1 9 | . . 24 Level 2 1 | . . 3 Level 3 . | . . . Level 4 . | . . . Level 5 . | . . . High Security . | . . . Max Security . | . . . Squads Dispatched 4 | . 2 2 Investigation 1 | . 1 . Extermination . | . . . Reinforcement 3 | . 1 2 Assault . | . . . Garrison . | . . . Intercept . | . . . Searches Triggered . | . . . Construction Impeded 1 | . . 1 Haulers Reinforced . | . . . Active Scanning Responses . | . . . Cargo Convoy Interrupts . | . . . Stealth | -11 -10 -9 --------- Run | Yrd Mat Mat Distress Signals 2 | . 1 1 Communications Jammed . | . . . Distress Signals . | . . . Times Spotted 22 | . 4 18 Peak Tracking Total 9 | . 3 9 Tactical Retreats 1 | . . 1 Traps | -11 -10 -9 ------- Run | Yrd Mat Mat Traps Triggered 1 | . 1 . Indirectly . | . . . Trap Hack Attempts . | . . . Triggered . | . . . Disarmed . | . . . Reprogrammed . | . . . Reused . | . . . Traps Extracted . | . . . Installed . | . . . Triggered . | . . . Machines | -11 -10 -9 ---------- Run | Yrd Mat Mat Machines Disabled . | . . . Max in Single Turn . | . . . Machines Repaired . | . . . Machines Dismantled . | . . . Machines Sabotaged . | . . . Overloaded Fab Kills . | . . . Hacking | -11 -10 -9 --------- Run | Yrd Mat Mat Machines Accessed 1 | . . 1 Terminals 1 | . . 1 Fabricators . | . . . Repair Stations . | . . . Recycling Units . | . . . Scanalyzers . | . . . Garrison Access . | . . . Total Hacks 2 | . . 2 Successful . | . . . Failed 2 | . . 2 Catastrophic 2 | . . 2 Database Lockouts . | . . . Manual 2 | . . 2 Terminals 2 | . . 2 Fabricators . | . . . Repair Stations . | . . . Recycling Units . | . . . Scanalyzers . | . . . Garrison Access . | . . . Terminal Hacks . | . . . Fabricator Hacks . | . . . Repair Station Hacks . | . . . Recycling Unit Hacks . | . . . Scanalyzer . | . . . Garrison Access Hacks . | . . . Unauthorized Hacks . | . . . Terminals . | . . . Fabricators . | . . . Repair Stations . | . . . Recycling Units . | . . . Scanalyzers . | . . . Garrison Access . | . . . Data Cores Recovered . | . . . Used . | . . . Hacking Detections 1 | . . 1 Full Trace Events . | . . . Feedback Events . | . . . Feedback Blocked . | . . . Robot Schematics Acquired . | . . . Robots Built . | . . . Authchips . | . . . Time . | . . . Total Robot Build Rating . | . . . Part Schematics Acquired . | . . . Parts Built . | . . . Authchips . | . . . Time . | . . . Total Part Build Rating . | . . . Parts Repaired . | . . . Time . | . . . Parts Recycled . | . . . Recycled Matter . | . . . Retrieved Matter . | . . . Retrieved Components . | . . . Parts Scanalyzed . | . . . Part Schematics Acquired . | . . . Parts Damaged . | . . . Bothacking | -11 -10 -9 ------------ Run | Yrd Mat Mat Used RIF Installer . | . . . Robots Hacked . | . . . Non-combat . | . . . Combat . | . . . Robot Hacks Applied . | . . . Relay Couplers Released . | . . . Fabnet Peak Effective % . | . . . Robots Rewired . | . . . Allies Hacked . | . . . Hacks Repelled . | . . . Allies | -11 -10 -9 -------- Run | Yrd Mat Mat Total Allies . | . . . Largest Group . | . . . Highest-Rated Group . | . . . Highest-Rated Ally . | . . . Total Orders . | . . . Ally Attacks . | . . . Total Damage . | . . . Kills . | . . . Allies Corrupted . | . . . Allies Melted . | . . . Intel | -11 -10 -9 ------- Run | Yrd Mat Mat Robot Analysis Total . | . . . Derelict Logs Recovered . | . . . Drone Launches . | . . . Drone Recoveries . | . . . Exploration | -11 -10 -9 ------------- Run | Yrd Mat Mat Turns Passed 573 | 72 273 228 Spaces Moved 423 | 63 223 137 Core 1 | 1 . . Treads . | . . . Legs . | . . . Wheels 422 | 62 223 137 Hover . | . . . Flight . | . . . Fastest Speed 50 | 50 100 90 Average Speed 98 | 99 100 96 Slowest Speed 100 | 100 100 100 Overloaded Moves . | . . . Propulsion Burnouts . | . . . Robots Hopped . | . . . Cave-ins Triggered . | . . . Exploration Rate (%) 18 | 3 35 16 Regions Visited 2 Branch Regions . Pre-discovered Areas . | . . . Known Exits Taken . | . . . Unknown Exits Taken 2 | 1 1 . Scrap Searched . | . . . Spaces Dug . | . . . Terrain Destroyed 66 | . . 66 Melee . | . . . Projectile . | . . . AOE 66 | . . 66 Terrain Rammed . | . . . Walls Destroyed . | . . . Machines Disabled . | . . . Actions | -11 -10 -9 --------- Run | Yrd Mat Mat Total 528 | 69 272 187 Wait 64 | . 47 17 Move 421 | 62 222 137 Hop . | . . . Pick Up 5 | 2 2 1 Fast Attach 9 | 5 1 3 Attach 2 | . . 2 Detach . | . . . Swap 2 | . . 2 Drop 1 | . . 1 Fire 23 | . . 23 Melee . | . . . Ram 1 | . . 1 Kick . | . . . Crush . | . . . Escape Stasis . | . . . Rewire . | . . . Trap . | . . . Miscellaneous . | . . . Route ------- -11/Scrapyard -10/Materials -9/Materials History --------- Turn | Location | Event 20 | -11/Scrapyard | Discovered new exit (range 16) 73 | -11/Scrapyard | Entered Materials 302 | -10/Materials | Build established: Mutant 333 | -10/Materials | Discovered new exit (range 8) 346 | -10/Materials | Entered another Materials area 346 | -9/Materials | Evolved 2 slots: Propulsion x1, Utility x1 574 | -9/Materials | Self-destructed Last Messages --------------- 00557_ U-05 Engineer lays Concrete. 00561_ C-30 ARC bursts open, deploying its payload. 00561_ G-47 Trooper unfolds itself. 00561_ G-34 Mercenary unfolds itself. 00562_ U-05 Engineer lays Concrete. 00562_ G-34 Mercenary suffers critical hit (Burn). 00563_ U-05 Engineer lays Concrete. 00565_ G-34 Mercenary destroyed. 00565_ Switching to secondary target: G-34 Mercenary. 00566_ U-05 Engineer lays Concrete. 00567_ U-05 Engineer builds a Wall. 00568_ U-05 Engineer lays Concrete. 00570_ U-05 Engineer builds a Wall. 00571_ G-34 Mercenary destroyed. 00571_ U-05 Engineer lays Concrete. 00572_ R-06 Scavenger collects Aluminum Leg. 00572_ U-05 Engineer lays Concrete. Map ----- +----------------------------------------------------+ | ?????????????????????????????????????????????????? | | ?????????????????????????????????????????????????? | | ?????????????????????????????????????????????????? | | ?????????????????????????????????????????????????? | | ?????????????????????????????????????????????????? | | ?????????????????????????????????????????????????? | | ?????????????????????????????????????????????????? | | ?????????????????????????????????????????????????? | | ?????????????????????????????????????????????????? | | ?????????????????????????????????????????????????? | | ?????????????????????????????????????????????????? | | ?????????????????????????????????????????????????? | | ?????????????????????############ ???????????????? | | ?????????????????????############ ???????????????? | | ?????????????????????## # ???????????????? | | ????????????????????### # ???????????????? | | ????????????????????### # ?????????????? | | ????????????????????##=[* * # ##???????????? | | ?????????????????????##%[ !! # ? ##???????????? | | ?????????????????????##= ![ + ## ??????????? | | ????????????????????### # ## ??????????? | | ????????????????####### # [= # "??????? | | ????????????????###### ###+#####=%%!# ??????? | | ????????????????## =% +#???????? | | ????????????????## " r gr ?????? | | ????????????????## "" /@ g% ?????? | | ????????????????## """ # u g% u ?????? | | ????????????????## """ # ### #/##??????? | | ????????????????## # # # ??????? | | ????????????????## # # # # ### ????????? | | ????????????????## ###### # ## ????????? | | ????????????????## # ######+##### ????????? | | ????????????????######### ## # ????????? | | ????????????????######### ## # ????????? | | ??????????????????????## # # ????????? | | ??????????????????????## # # ????????? | | ??????????????????????## T + ##????????? | | ??????????????????????## # ##????????? | | ??????????????????????## # ##????????? | | ??????????????????????###### # ##????????? | | ??????????????????????######%############????????? | | ??????????????????????????## ############????????? | | ??????????????????????????## ##??????????????????? | | ??????????????????????????## ##??????????????????? | | ????????????????????????#### ###?????????????????? | | ???????????????????????##### ###?????????????????? | | ???????????????????????### # #####?#########?????? | | ???????????????????????## ##%###############?????? | | ???????????????????????## # * ##### ##?????? | | ???????????????????????### * = ##?????? | +----------------------------------------------------+ Best States ------------- Heat Dissipation 38 Energy Generation 10 Energy Capacity 250 Matter Stores 300 Matter Capacity 300 Sight Range 16 Terrain Scan Density 10 Evasion (%) 41 Item Schematics ----------------- None Robot Schematics ------------------ None Fabricated ------------ Nothing Alien Tech Used ----------------- None Achievements -------------- None Challenges ------------ None Game ------ Seed HelicalDeliveryAutogun Manual? 0 Play Time 00:08:31 Cumulative 11.2 hours Start 2025.01.11 @ 22:53:15 End 2025.01.11 @ 22:58:40 Sessions 1 Manual Loads 0 Difficulty Rogue Special Mode None Game No. 15 Rogue 15 Adventurer 0 Explorer 0 Win Type - Total 0 Types 0/0/0/0/0/0/0/0/0 Lore% 9 Gallery% 15 Achievement% 15 Wizard Run 0 Options --------- Layout 1 ASCII 0 Keyboard 1 Movement Arrows Keybinds 0 Fullscreen 1 Font 32/SmallcapsGlow Map View 50x35 Zoom Use 0% Tactical HUD 1 Map Filters NONE Filters NONE Steam 1 RUN: cc4f55ff-3d0f-4f2e-8744-47aedfb7b196